 Dungeon Crawl Stone Soup version 0.22.1-2-g9c5b331 (webtiles) character file.

128 dvd the Chopper (level 4, -5/41 HPs)
             Began as a Minotaur Chaos Knight on Dec 6, 2018.
             Slain by a steam dragon (9 damage)
             ... on level 3 of the Dungeon.
             The game lasted 00:05:07 (1821 turns).

dvd the Chopper (Minotaur Chaos Knight)             Turns: 1821, Time: 00:05:07

Health: -5/41      AC:  8    Str: 19    XL:     4   Next: 86%
Magic:  3/3        EV: 10    Int:  9    God:    Xom [*.....]
Gold:   128        SH:  0    Dex: 10    Spells: 3/3 levels left

rFire    . . .     SeeInvis .   a - +0 hand axe (chaos)
rCold    . . .     Gourm    .   (no shield)
rNeg     . . .     Faith    .   q - +0 scale mail (curse)
rPois    .         Spirit   .   (helmet restricted)
rElec    .         Reflect  .   (no cloak)
rCorr    +         Harm     .   (no gloves)
MR       +....                  d - +0 pair of boots
Stlth    ..........             e - amulet of magic regeneration
HPRegen  0.13/turn              p - ring of protection from magic
MPRegen  0.33/turn              f - ring of resist corrosion

@: no status effects
A: retaliatory headbutt, horns 2, strong 1
a: Renounce Religion


You were on level 3 of the Dungeon.
You worshipped Xom.
You were a special plaything of Xom.
You were not hungry.

You visited 1 branch of the dungeon, and saw 3 of its levels.

You collected 128 gold pieces.

Inventory:

Hand Weapons
 a - a +0 hand axe of chaos (weapon)
Armour
 b - a +2 leather armour
 d - a +0 pair of boots (worn)
 n - a +0 plate armour
 q - a cursed +0 scale mail (worn)
Jewellery
 e - an amulet of magic regeneration (around neck)
 f - a ring of resist corrosion (right hand)
 p - a ring of protection from magic (left hand)
Scrolls
 g - a scroll of noise {unknown}
 i - 5 scrolls of teleportation {unknown}
 l - 2 scrolls of identify {unknown}
 m - 2 scrolls of amnesia {unknown}
 o - a scroll of immolation {unknown}
 t - a scroll of enchant weapon {unknown}
 u - a scroll of magic mapping {unknown}
 x - a scroll of blinking {unknown}
 y - a scroll of fear {unknown}
Potions
 h - 3 potions of curing {unknown}
 j - a potion of lignification {unknown}
 k - a potion of degeneration {unknown}
 r - a potion of flight {unknown}
 s - a potion of magic {unknown}
 v - a potion of ambrosia {unknown}
 z - a potion of agility {unknown}
 A - a potion of heal wounds {unknown}
 B - 2 potions of might {unknown}
Comestibles
 c - 11 rations
 w - 12 chunks of flesh


   Skills:
 + Level 4.6 Fighting
 + Level 4.9 Axes
 + Level 3.3 Armour
 + Level 2.5 Dodging
 + Level 0.1 Stealth


You had 3 spell levels left.
You didn't know any spells.
Your spell library was empty.

Dungeon Overview and Level Annotations

Branches:
Dungeon (3/15)

Altars:
Hepliaklqana
Ru
Zin


Innate Abilities, Weirdness & Mutations

You reflexively headbutt those who attack you in melee.
You have a pair of horns on your head.
Your muscles are strong. (Str +2)


Message History

You barely miss the steam dragon. The steam dragon breathes steam at you.
The ball of steam hits you!
Unknown command.
Okay, then.
Unknown command.
You closely miss the steam dragon.
You are engulfed in a cloud of scalding steam.
The steam dragon barely misses you.
The steam dragon claws you but does no damage.
You hit the steam dragon.
The steam dragon goes berserk!
The steam dragon is lightly wounded.
You are engulfed in a cloud of scalding steam.
The steam dragon bites you!
* * * LOW HITPOINT WARNING * * *
The steam dragon claws you but does no damage.
The steam dragon closely misses you. The steam dragon completely misses you.
The steam dragon bites you!
You die...
Xom guffaws!

########
############.......
#§@....)...........
#D##########.#####.
#.# #######.#####.
#.# #.............
#§# .#####.#####.
#.# #.# #. #.# #.#
#. ..# #.# #. ###
#.# #.


You could see a steam dragon (berserk).

Vanquished Creatures
  5 adders
  3 dart slugs
  3 leopard geckos
  3 orcs (D:3)
  2 giant cockroaches
  7 goblins
  10 hobgoblins
  6 jackals
  2 kobolds
  A quokka (D:3)
  15 bats
  3 frilled lizards
  6 rats
66 creatures vanquished.

Notes
Turn   | Place    | Note
-------+----------+-------------------------------------------
     0 | D:1      | dvd the Minotaur Chaos Knight began the quest for the Orb.
     0 | D:1      | Reached XP level 1. HP: 19/19 MP: 0/0
   114 | D:1      | Reached XP level 2. HP: 27/27 MP: 1/1
   742 | D:2      | Reached XP level 3. HP: 34/34 MP: 2/2
   750 | D:2      | XOM: divination: detect creatures
   819 | D:2      | Found a sacrificial altar of Ru.
  1173 | D:2      | Found a glowing silver altar of Zin.
  1174 | D:2      | XOM: silly message
  1180 | D:2      | XOM: harmless Pois miscast
  1323 | D:2      | Found a hazy altar of Hepliaklqana.
  1406 | D:2      | XOM: god gift: 26 gold pieces
  1429 | D:3      | Reached XP level 4. HP: 41/41 MP: 3/3
  1430 | D:3      | XOM: give mutation
  1430 | D:3      | Gained mutation: Your muscles are strong. (Str +2) [Xom's
                  | grace]
  1501 | D:3      | XOM: cloud trail
  1666 | D:3      | XOM: cleaving
  1815 | D:3      | Noticed a steam dragon
  1815 | D:3      | a worm changed into a steam dragon
  1815 | D:3      | XOM: polymorph worm -> steam dragon
  1821 | D:3      | Slain by a steam dragon

Skill      XL: |  1  2  3  4 |
---------------+-------------+-----
Fighting       | 4 |  4.6
Axes           | 4 |  4.9
Dodging        | 2 |  2.5
Armour         | 3 |  3.3
Stealth        | |  0.1

Action                   |  1- 3 |  4- 6 || total
-------------------------+-------+-------++-------
Melee: Hand axe          |   107 |    47 ||   154
       Headbutt          |    10 |     6 ||    16
  Eat: Chunk             |     2 |     1 ||     3
Armor: Leather armour    |    12 |       ||    12
       Plate armour      |    10 |       ||    10
       Scale mail        |    70 |    21 ||    91
Dodge: Dodged            |    74 |    30 ||   104
